[Event "Gibraltar Masters 18th"]
[Site "Gibraltar"]
[Date "2020.01.21"]
[Round "1.41"]
[White "Povah, Nigel E"]
[Black "Xu, Xiangyu"]
[Result "0-1"]
[ECO "A45"]
[WhiteElo "2284"]
[BlackElo "2580"]
[PlyCount "102"]
[EventDate "2020.01.21"]
[EventType "swiss"]
[EventRounds "10"]
[EventCountry "GGB"]
[SourceTitle "BritBase"]
[Source "John Saunders"]
[SourceDate "2021.06.05"]
[SourceVersion "1"]
[SourceVersionDate "2021.06.05"]
[SourceQuality "1"]
[TimeControl "40/100:0"]
[WhiteClock "0:17:02"]
[BlackClock "0:56:25"]

1. d4 Nf6 2. Bg5 e6 3. e4 h6 4. Bxf6 Qxf6 5. c3 d6 6. Bd3 Nd7 7. Ne2 b6 8. O-O Bb7 9. a4 a5 10. Na3 g6 11. f4 Bg7 12. Nb5 Qd8 13.
Qd2 O-O 14. f5 exf5 15. exf5 g5 16. Ng3 Nf6 17. Rae1 Qd7 18.
Re2 Rfe8 19. Rfe1 Rxe2 20. Rxe2 Bf8 21. Qe1 d5 22. Qf2 Re8 23. Rxe8 Qxe8 24. Nxc7 Qxa4 25. Qe1 Qd7 26. Nb5 Bc6 27. Qe2 g4 28. Na3 Bd6 29. Qe3 Kg7 30. Nc2 Qc7 31. Nf1 Bf4 32. Qe2 h5 33. g3 Bg5 34. Nce3 Qd7 35. Ng2 Qe8 36. Qe5 Qxe5 37. dxe5 Nd7 38. e6 Nc5 39. Be2 fxe6 40. fxe6 Na4 41. Nf4 Nxb2 42. Ne3 Bxf4 43. gxf4 Kf6 44. h3 gxh3 45. Bxh5 a4 46. Nc2 Kxe6 47. Kh2 Nd3 48. Kg3 h2 49. Bf3 Kd6 50. Kxh2 Nxf4 51. Kg3 Nd3 0-1

[Event "Gibraltar Masters 18th"]
[Site "Gibraltar"]
[Date "2020.01.21"]
[Round "1.42"]
[White "Idani, Pouya"]
[Black "Injac, Teodora"]
[Result "1-0"]
[ECO "E06"]
[WhiteElo "2577"]
[BlackElo "2284"]
[PlyCount "45"]
[EventDate "2020.01.21"]
[EventType "swiss"]
[EventRounds "10"]
[EventCountry "GGB"]
[SourceTitle "BritBase"]
[Source "John Saunders"]
[SourceDate "2021.06.05"]
[SourceVersion "1"]
[SourceVersionDate "2021.06.05"]
[SourceQuality "1"]
[TimeControl "40/100:0"]
[WhiteClock "1:11:46"]
[BlackClock "0:12:43"]

1. d4 Nf6 2. c4 e6 3. g3 d5 4. Bg2 Be7 5. Nf3 O-O 6. Qc2 c5 7. O-O cxd4 8.
Nxd4 Bd7 9. cxd5 Nxd5 10. Bxd5 exd5 11. Nc3 Bf6 12. Rd1 Nc6 13. Be3 Bg4 14. Qb3 Na5 15. Qxd5 Qxd5 16. Nxd5 Bxd4 17. Rxd4 Bxe2 18. Re1 Bf3 19. Ne7+ Kh8 20. Rf4 Rfe8 21. Bd2 Nc6 22. Rxf3 Nxe7 23. Rfe3 1-0

[Event "Gibraltar Masters 18th"]
[Site "Gibraltar"]
[Date "2020.01.21"]
[Round "1.43"]
[White "Gomez Anadon, Daniel"]
[Black "Peralta, Fernando"]
[Result "0-1"]
[ECO "C00"]
[WhiteElo "2276"]
[BlackElo "2574"]
[PlyCount "132"]
[EventDate "2020.01.21"]
[EventType "swiss"]
[EventRounds "10"]
[EventCountry "GGB"]
[SourceTitle "BritBase"]
[Source "John Saunders"]
[SourceDate "2021.06.05"]
[SourceVersion "1"]
[SourceVersionDate "2021.06.05"]
[SourceQuality "1"]
[TimeControl "40/100:0"]
[WhiteClock "0:09:58"]
[BlackClock "0:20:04"]

1. e4 e6 2. d3 d5 3. Nd2 Nf6 4. Ngf3 Be7 5. g3 O-O 6. Bg2 a5 7. O-O a4 8. e5 Nfd7 9. a3 c5 10. Re1 Nc6 11. Nf1 b5 12. h4 b4 13. h5 h6 14. N1h2 Re8 15. Ng4 Bf8 16. Bf4 bxa3 17. bxa3 Rb8 18. c4 Rb3 19. Nd2 Rxd3 20. Qc2 Rd4 21. Qxa4 Na5 22. Rac1 Ba6 23. Bf1 Bxc4 24. Bxc4 Nxc4 25. Nxc4 Rxc4 26. Rxc4 Nb6 27. Qc2 Nxc4 28.
Bxh6 Qa5 29. Qc1 Ra8 30. Kg2 Qxa3 31. Qg5 Qd3 32. Nf6+ Kh8 33. Bxg7+ Bxg7 34. h6 Qg6 35. hxg7+ Kxg7 36. Nh5+ Kf8 37. Qh4 Qh7 38. Qg5 Qg6 39. Qh4 Qh6 40. Ra1 Re8 41. Re1 Nb6 42. g4 d4 43. Qg3 Nd5 44. Qa3 Nf4+ 45. Nxf4 Qxf4 46. Qxc5+ Kg7 47. Qa3 Qxg4+ 48. Qg3 Qg6 49. Kf3 Rd8 50. Rg1 d3 51. Qxg6+ fxg6 52. Ke3 d2 53. Rd1 Kh6 54. f4 Kh5 55. Kf3 Rd3+ 56. Ke2 Rd5 57. Kf3 g5 58. fxg5 Kxg5 59. Ke4 Kg4 60. Rg1+ Kh3 61. Rd1 Kg2 62. Ke3 Rxe5+ 63. Kd3 Rd5+ 64. Ke3 e5 65. Ke4 Rd8 66. Ke3 e4 0-1

[Event "Gibraltar Masters 18th"]
[Site "Gibraltar"]
[Date "2020.01.21"]
[Round "1.44"]
[White "Ramirez, Alejandro"]
[Black "Bru Rullo, Llatzer"]
[Result "1-0"]
[ECO "E21"]
[WhiteElo "2574"]
[BlackElo "2273"]
[PlyCount "49"]
[EventDate "2020.01.21"]
[EventType "swiss"]
[EventRounds "10"]
[EventCountry "GGB"]
[SourceTitle "BritBase"]
[Source "John Saunders"]
[SourceDate "2021.06.05"]
[SourceVersion "1"]
[SourceVersionDate "2021.06.05"]
[SourceQuality "1"]
[TimeControl "40/100:0"]
[WhiteClock "0:11:43"]
[BlackClock "0:10:40"]

1. d4 Nf6 2. c4 e6 3. Nc3 Bb4 4. Bd2 O-O 5. e3 b6 6. Bd3 Bb7 7. Nf3 d6 8. Qc2 Nbd7 9. e4 e5 10. O-O Re8 11. Rae1 a5 12. a3 Bxc3 13. Bxc3 c6 14. Nd2 Nf8 15. f4 exd4 16. Bxd4 d5 17. cxd5 cxd5 18. Bxf6 Qxf6 19. e5 Qe7 20. Rc1 Rec8 21. Qb3 Qd8 22. Bf5 Ne6 23. Qh3 Rxc1 24. Qxh7+ Kf8 25. Rxc1 1-0

[Event "Gibraltar Masters 18th"]
[Site "Gibraltar"]
[Date "2020.01.21"]
[Round "1.45"]
[White "Sowray, Peter J"]
[Black "Sanal, Vahap"]
[Result "0-1"]
[ECO "A41"]
[WhiteElo "2272"]
[BlackElo "2569"]
[PlyCount "86"]
[EventDate "2020.01.21"]
[EventType "swiss"]
[EventRounds "10"]
[EventCountry "GGB"]
[SourceTitle "BritBase"]
[Source "John Saunders"]
[SourceDate "2021.06.05"]
[SourceVersion "1"]
[SourceVersionDate "2021.06.05"]
[SourceQuality "1"]
[TimeControl "40/100:0"]
[WhiteClock "0:35:11"]
[BlackClock "1:17:27"]

1. d4 d6 2. c4 e5 3. d5 Be7 4. e4 Bg5 5. Nc3 Bxc1 6. Qxc1 Nf6 7. Bd3 Na6 8. Nge2 Nc5 9. Bc2 a5 10. O-O O-O 11. Rb1 Nh5 12. b3 Bd7 13.
a3 g6 14. b4 axb4 15. axb4 Na6 16. f4 exf4 17. Nxf4 Nxf4 18. Qxf4 Qe7 19. Rfe1 Rae8 20. Bd3 f6 21. Ne2 Bc8 22. Nd4 Nb8 23. Bf1 Rf7 24. Qf2 Nd7 25. Nb5 Ne5 26. c5 f5 27. cxd6 cxd6 28. Qb6 Rf6 29. Qc7 Qf8 30. Rbc1 f4 31. Nd4 f3 32. gxf3 Rxf3 33. Bg2 Rf4 34. Rf1 Nd3 35. Ne2 Rf6 36. Rxf6 Qxf6 37. Rf1 Qg7 38. Qxd6 Bg4 39. Bf3 Bh3 40. Rd1 Ne5 41. Nd4 Qh6 42. Qf6 Qe3+ 43. Kh1 Qf2 0-1

[Event "Gibraltar Masters 18th"]
[Site "Gibraltar"]
[Date "2020.01.21"]
[Round "1.46"]
[White "Yuffa, Daniil"]
[Black "Werle, Iozefina"]
[Result "1-0"]
[ECO "C00"]
[WhiteElo "2566"]
[BlackElo "2271"]
[PlyCount "81"]
[EventDate "2020.01.21"]
[EventType "swiss"]
[EventRounds "10"]
[EventCountry "GGB"]
[SourceTitle "BritBase"]
[Source "John Saunders"]
[SourceDate "2021.06.05"]
[SourceVersion "1"]
[SourceVersionDate "2021.06.05"]
[SourceQuality "1"]
[TimeControl "40/100:0"]
[WhiteClock "0:18:15"]
[BlackClock "0:00:34"]

1. Nf3 Nf6 2. g3 e6 3. Bg2 d5 4. O-O Be7 5. d3 O-O 6. Nbd2 c5 7. e4 Nc6 8. Re1 Rb8 9. e5 Nd7 10. h4 b5 11. Nf1 b4 12. N1h2 a5 13.
h5 a4 14. h6 g6 15. Ng4 Bb7 16. a3 bxa3 17. Rxa3 Nb6 18. Be3 d4 19. Bd2 Nb4 20. Qc1 Bxf3 21. Bxf3 N4d5 22. Bxd5 exd5 23. e6 f6 24. Ba5 Qe8 25. Qa1 g5 26. Bxb6 Rxb6 27. Rxa4 f5 28. Nh2 g4 29. Ra7 Kh8 30. Qa5 Rc6 31. Qb5 Bd6 32. e7 Rg8 33. Re6 f4 34. Nxg4 fxg3 35.
f3 g2 36. Re2 Bf4 37. Qxc6 Qxc6 38. e8=Q Be3+ 39. Rxe3 Rxe8 40.
Nf6 Re7 41. Rexe7 1-0

[Event "Gibraltar Masters 18th"]
[Site "Gibraltar"]
[Date "2020.01.21"]
[Round "1.47"]
[White "Gvanceladze, Anna"]
[Black "Antipov, Mikhail Al."]
[Result "0-1"]
[ECO "E62"]
[WhiteElo "2270"]
[BlackElo "2562"]
[PlyCount "82"]
[EventDate "2020.01.21"]
[EventType "swiss"]
[EventRounds "10"]
[EventCountry "GGB"]
[SourceTitle "BritBase"]
[Source "John Saunders"]
[SourceDate "2021.06.05"]
[SourceVersion "1"]
[SourceVersionDate "2021.06.05"]
[SourceQuality "1"]
[TimeControl "40/100:0"]
[WhiteClock "0:00:35"]
[BlackClock "0:19:35"]

1. d4 Nf6 2. Nf3 g6 3. g3 Bg7 4. Bg2 O-O 5. O-O c6 6. c4 d6 7. Nc3 Bf5 8. Re1 Ne4 9. Qb3 Nxc3 10. bxc3 Bc8 11. e4 Nd7 12. Be3 Qc7 13.
Nd2 c5 14. f4 cxd4 15. cxd4 e5 16. Nf3 b6 17. Rac1 Bb7 18. c5 bxc5 19. dxc5 Nxc5 20. fxe5 Qd7 21. Bxc5 dxc5 22. Rxc5 Qe7 23. Qc4 Rac8 24. Rxc8 Rxc8 25. Qb3 Rc7 26. Qe3 Qc5 27. Bh3 Qxe3+ 28. Rxe3 Bf8 29. Re2 Rc1+ 30. Kg2 Bc5 31. Bd7 Ba6 32. Re1 Rc2+ 33. Kh3 Rf2 34. Rc1 Bf1+ 35. Kg4 Be3 36. e6 h5+ 37. Kh4 fxe6 38. Bxe6+ Kg7 39. Rc7+ Kh6 40. g4 Rxh2+ 41. Kg3 Rh3# 0-1

[Event "Gibraltar Masters 18th"]
[Site "Gibraltar"]
[Date "2020.01.21"]
[Round "1.48"]
[White "Aryan, Chopra"]
[Black "Rangel, Daniel"]
[Result "1-0"]
[ECO "B38"]
[WhiteElo "2562"]
[BlackElo "2269"]
[PlyCount "81"]
[EventDate "2020.01.21"]
[EventType "swiss"]
[EventRounds "10"]
[EventCountry "GGB"]
[SourceTitle "BritBase"]
[Source "John Saunders"]
[SourceDate "2021.06.05"]
[SourceVersion "1"]
[SourceVersionDate "2021.06.05"]
[SourceQuality "1"]
[TimeControl "40/100:0"]
[WhiteClock "0:18:35"]
[BlackClock "0:04:17"]

1. e4 c5 2. Nf3 g6 3. c4 Bg7 4. d4 cxd4 5. Nxd4 Nc6 6. Be3 Nf6 7. Nc3 O-O 8.
Be2 d6 9. O-O Nxd4 10. Bxd4 Bd7 11. Qd3 a5 12. b3 Bc6 13. a3 Nd7 14. Bxg7 Kxg7 15. b4 b6 16. Qd4+ Kg8 17. f4 Qc7 18. Nd5 Bxd5 19. cxd5 Rfc8 20. Bb5 axb4 21. axb4 Rxa1 22. Rxa1 Nf6 23. Bc6 Nh5 24. Qf2 e6 25. g3 Rb8 26. Rf1 exd5 27. exd5 Qe7 28. g4 Nf6 29. Re1 Qa7 30. g5 Ng4 31. Qf3 b5+ 32. Kg2 h5 33. h3 Qd4 34. hxg4 Qxb4 35. Re4 Qb1 36. gxh5 gxh5 37. f5 b4 38. f6 b3 39. g6 Qc2+ 40. Kh3 fxg6 41. Re8+ 1-0

[Event "Gibraltar Masters 18th"]
[Site "Gibraltar"]
[Date "2020.01.21"]
[Round "1.49"]
[White "Plotkin, Victor"]
[Black "Li, Di"]
[Result "1/2-1/2"]
[ECO "C55"]
[WhiteElo "2267"]
[BlackElo "2562"]
[PlyCount "115"]
[EventDate "2020.01.21"]
[EventType "swiss"]
[EventRounds "10"]
[EventCountry "GGB"]
[SourceTitle "BritBase"]
[Source "John Saunders"]
[SourceDate "2021.06.05"]
[SourceVersion "1"]
[SourceVersionDate "2021.06.05"]
[SourceQuality "1"]
[TimeControl "40/100:0"]
[WhiteClock "0:19:06"]
[BlackClock "0:07:18"]

1. e4 e5 2. Nf3 Nc6 3. Bc4 Nf6 4. d3 h6 5. O-O d6 6. c3 g5 7. a4 Bg7 8. Nbd2 Ne7 9. Qb3 O-O 10. d4 exd4 11. Nxd4 c5 12. Ne2 Nc6 13. Qc2 Ne5 14. Ng3 h5 15. Be2 g4 16. Nc4 h4 17. Nf5 Bxf5 18.
exf5 Nxc4 19. Bxc4 d5 20. Rd1 Qe8 21. Be2 Qe5 22. g3 Rfe8 23.
Bb5 Qe4 24. Qxe4 Rxe4 25. Bd3 Ree8 26. gxh4 c4 27. Bf1 Re5 28. Be3 Rxf5 29. Bg2 a6 30. Bd4 Rd8 31. Re1 Nh5 32. Be3 Bf6 33. h3 g3 34. fxg3 Nxg3 35. Rad1 Kh7 36. Bg5 Kg6 37. Bxf6 Kxf6 38. Kh2 Nh5 39. Rf1 Rxf1 40. Bxf1 b5 41. axb5 axb5 42. Kg2 Nf4+ 43. Kf3 Kf5 44. Ra1 Rb8 45. Ra5 Ke5 46. Ke3 f5 47. Ra7 b4 48. Re7+ Ne6 49. h5 bxc3 50. bxc3 f4+ 51. Kd2 Rb2+ 52. Ke1 Kf6 53. Rd7 Nc5 54. Rxd5 Ne4 55. Rd4 Rb1+ 56. Rd1 Rb2 57. Rd4 Rb1+ 58. Rd1 1/2-1/2

[Event "Gibraltar Masters 18th"]
[Site "Gibraltar"]
[Date "2020.01.21"]
[Round "1.50"]
[White "Lalith, Babu M R"]
[Black "Pratyusha, Bodda"]
[Result "1-0"]
[ECO "D38"]
[WhiteElo "2558"]
[BlackElo "2267"]
[PlyCount "81"]
[EventDate "2020.01.21"]
[EventType "swiss"]
[EventRounds "10"]
[EventCountry "GGB"]
[SourceTitle "BritBase"]
[Source "John Saunders"]
[SourceDate "2021.06.05"]
[SourceVersion "1"]
[SourceVersionDate "2021.06.05"]
[SourceQuality "1"]
[TimeControl "40/100:0"]
[WhiteClock "0:19:40"]
[BlackClock "0:02:36"]

1. d4 d5 2. Nf3 Nf6 3. c4 e6 4. Nc3 Bb4 5. Bg5 h6 6. Bxf6 Qxf6 7. Qa4+ Nc6 8. e3 O-O 9. Rd1 Qg6 10. g3 dxc4 11. Bg2 Bd7 12. O-O Qh5 13.
Qc2 Bxc3 14. Qxc3 b5 15. b3 cxb3 16. Ne5 Nxe5 17. dxe5 b4 18.
Qc5 Rab8 19. axb3 Bb5 20. Rfe1 a6 21. Rd4 f6 22. Qxc7 fxe5 23.
Rd2 Qf5 24. Rc1 e4 25. Rc5 Rb7 26. Qd6 Qg4 27. h3 Qg6 28. Qe5 Bd3 29. h4 Rb5 30. Rxb5 axb5 31. Bh3 Re8 32. Ra2 Qf6 33. Qd6 Qe7 34. Qc6 Qf7 35. Ra7 Qxa7 36. Qxe8+ Kh7 37. Bxe6 Qa1+ 38. Kh2 Qf6 39. Bg8+ Kh8 40. Bf7+ Kh7 41. Qg8# 1-0

[Event "Gibraltar Masters 18th"]
[Site "Gibraltar"]
[Date "2020.01.21"]
[Round "1.51"]
[White "Rakshitta, Ravi"]
[Black "Maze, Sebastien"]
[Result "0-1"]
[ECO "A05"]
[WhiteElo "2267"]
[BlackElo "2550"]
[PlyCount "74"]
[EventDate "2020.01.21"]
[EventType "swiss"]
[EventRounds "10"]
[EventCountry "GGB"]
[SourceTitle "BritBase"]
[Source "John Saunders"]
[SourceDate "2021.06.05"]
[SourceVersion "1"]
[SourceVersionDate "2021.06.05"]
[SourceQuality "1"]
[TimeControl "40/100:0"]
[WhiteClock "0:06:54"]
[BlackClock "0:27:45"]

1. Nf3 Nf6 2. g3 d5 3. Bg2 e6 4. O-O b5 5. d3 Bb7 6. c4 a6 7. b3 Be7 8. Bb2 O-O 9. Nbd2 c5 10. Rc1 Nc6 11. e3 Nb4 12. Qe2 Nxa2 13.
Ra1 Nb4 14. d4 bxc4 15. bxc4 a5 16. Nb3 dxc4 17. Nxc5 Bxc5 18. dxc5 Qd3 19. Qxd3 Nxd3 20. Bd4 Nd7 21. Ra4 N3xc5 22. Rxc4 Ba6 23. Rxc5 Nxc5 24. Bxc5 Bxf1 25. Kxf1 Rfc8 26. Ba3 Rc3 27. Bb2 Rc2 28. Be5 Rac8 29. Nd4 Ra2 30. Bb7 Rc1+ 31. Kg2 a4 32. h4 Rb2 33. Bf3 a3 34. Ne2 Rbc2 35. Nxc1 Rxc1 36. Be2 f6 37.
Bd4 e5 0-1

[Event "Gibraltar Masters 18th"]
[Site "Gibraltar"]
[Date "2020.01.21"]
[Round "1.52"]
[White "Ibarra Jerez, Jose Carlos"]
[Black "Csiki, Endre"]
[Result "1-0"]
[ECO "C44"]
[WhiteElo "2548"]
[BlackElo "2263"]
[PlyCount "127"]
[EventDate "2020.01.21"]
[EventType "swiss"]
[EventRounds "10"]
[EventCountry "GGB"]
[SourceTitle "BritBase"]
[Source "John Saunders"]
[SourceDate "2021.06.05"]
[SourceVersion "1"]
[SourceVersionDate "2021.06.05"]
[SourceQuality "1"]
[TimeControl "40/100:0"]
[WhiteClock "0:14:42"]
[BlackClock "0:23:20"]

1. e4 e5 2. Nf3 Nc6 3. c3 Nf6 4. d4 exd4 5. e5 Nd5 6. Qb3 Nb6 7. cxd4 Bb4+ 8. Bd2 Bxd2+ 9. Nbxd2 d6 10. Bb5 O-O 11. Bxc6 bxc6 12. O-O Be6 13. Qc2 Bd5 14. Ne4 h6 15. Nfd2 dxe5 16. dxe5 Bxe4 17. Nxe4 Qd4 18. e6 fxe6 19. b3 Nd5 20. Rad1 Qe5 21. Rfe1 Qf5 22. Qxc6 Nf4 23. Ng3 Qf6 24. Qe4 Rad8 25. Rxd8 Rxd8 26. h3 Qd4 27. Qxd4 Rxd4 28. Ne2 Re4 29. Kf1 Nd5 30. Rc1 Rb4 31. Rc5 Rb6 32. Nd4 Kf7 33. Nb5 Rb7 34. Nc3 Nf6 35. Ra5 Ke7 36. Ra6 Nd7 37. Ne4 Nb8 38. Ra4 Nd7 39. Ke2 c5 40. Ra5 Rc7 41. Kd3 e5 42. a4 Ke6 43. Ra6+ Ke7 44. Ra5 Ke6 45. h4 Ke7 46. f3 Ke6 47. Ra6+ Ke7 48.
Ra5 Ke6 49. g3 Ke7 50. Kc3 Ke6 51. Ra6+ Ke7 52. h5 Nb6 53. Ra5 Nd7 54. g4 Ke6 55. Ra6+ Ke7 56. Nd6 Nb8 57. Nf5+ Kf8 58. Rg6 Rf7 59. Kc4 Nd7 60. Re6 Rf6 61. Rxf6+ Nxf6 62. Ng3 Nd7 63. Ne4 Ke7 64. Kd5 1-0

[Event "Gibraltar Masters 18th"]
[Site "Gibraltar"]
[Date "2020.01.21"]
[Round "1.53"]
[White "Vedder, Richard"]
[Black "Ali Marandi, Cemil Can"]
[Result "0-1"]
[ECO "D27"]
[WhiteElo "2263"]
[BlackElo "2546"]
[PlyCount "92"]
[EventDate "2020.01.21"]
[EventType "swiss"]
[EventRounds "10"]
[EventCountry "GGB"]
[SourceTitle "BritBase"]
[Source "John Saunders"]
[SourceDate "2021.06.05"]
[SourceVersion "1"]
[SourceVersionDate "2021.06.05"]
[SourceQuality "1"]
[TimeControl "40/100:0"]
[WhiteClock "0:46:23"]
[BlackClock "1:04:14"]

1. d4 d5 2. c4 c6 3. Nf3 Nf6 4. Nc3 e6 5. e3 a6 6. Bd3 dxc4 7. Bxc4 b5 8. Bd3 c5 9. O-O Bb7 10. dxc5 Bxc5 11. Qe2 Nbd7 12. Rd1 Qb8 13. Bd2 O-O 14. Rac1 Rd8 15. Be1 Bd6 16. h3 Nc5 17. Bc2 h6 18. Nd4 Bf8 19. Nb3 Nxb3 20.
Bxb3 Qa7 21. Rxd8 Rxd8 22. Rd1 Rc8 23. a3 Qa8 24. Qf1 Bc5 25.
Ne2 a5 26. Bc3 Ne4 27. Bd4 b4 28. f3 Bxd4 29. Nxd4 Nc5 30. Bc4 Na4 31. Rd2 Nb6 32. Be2 Nd5 33. Qf2 Qa7 34. g3 bxa3 35. bxa3 Qc5 36. Nb5 Nxe3 37. Rd3 Nd5 38. Qxc5 Rxc5 39. Rb3 a4 40. Rb2 Ba6 41. Nd4 Rc1+ 42. Kf2 Bxe2 43. Kxe2 Rc3 44. Nb5 Re3+ 45. Kf2 Kf8 46. h4 Rb3 0-1

[Event "Gibraltar Masters 18th"]
[Site "Gibraltar"]
[Date "2020.01.21"]
[Round "1.54"]
[White "Kaidanov, Gregory"]
[Black "Benmesbah, Natacha"]
[Result "1-0"]
[ECO "A35"]
[WhiteElo "2546"]
[BlackElo "2258"]
[PlyCount "89"]
[EventDate "2020.01.21"]
[EventType "swiss"]
[EventRounds "10"]
[EventCountry "GGB"]
[SourceTitle "BritBase"]
[Source "John Saunders"]
[SourceDate "2021.06.05"]
[SourceVersion "1"]
[SourceVersionDate "2021.06.05"]
[SourceQuality "1"]
[TimeControl "40/100:0"]
[WhiteClock "0:34:24"]
[BlackClock "0:39:32"]

1. Nf3 c5 2. c4 Nc6 3. Nc3 g6 4. e3 Nf6 5. d4 cxd4 6. exd4 d5 7. cxd5 Nxd5 8. Qb3 e6 9. Bb5 Bg7 10. Bg5 Qd6 11. O-O Nxc3 12. bxc3 O-O 13. Rfd1 Na5 14. Qb4 Qc7 15. Be7 a6 16. Bd6 Qd8 17. Be7 Qc7 18.
Bd6 Qd8 19. Be2 Re8 20. c4 Nc6 21. Qc5 Bd7 22. Rab1 Rc8 23.
Qa3 Na5 24. Bc5 b5 25. cxb5 axb5 26. Bxb5 Bxb5 27. Rxb5 Nc4 28.
Qb3 Nd6 29. Bxd6 Qxd6 30. g3 Ra8 31. a4 Ra7 32. Ne5 Bxe5 33.
dxe5 Qc6 34. a5 Rea8 35. Qb4 Qc7 36. Rc5 Qb8 37. Qc3 Qb7 38.
h4 h5 39. Kh2 Rb8 40. Rd2 Kg7 41. Qd4 Ra6 42. Qf4 Qe7 43. Rd6 Ra7 44. a6 Rb2 45. Rc8 1-0

[Event "Gibraltar Masters 18th"]
[Site "Gibraltar"]
[Date "2020.01.21"]
[Round "1.55"]
[White "Vidic, Teja"]
[Black "Studer, Noel"]
[Result "0-1"]
[ECO "C07"]
[WhiteElo "2252"]
[BlackElo "2546"]
[PlyCount "72"]
[EventDate "2020.01.21"]
[EventType "swiss"]
[EventRounds "10"]
[EventCountry "GGB"]
[SourceTitle "BritBase"]
[Source "John Saunders"]
[SourceDate "2021.06.05"]
[SourceVersion "1"]
[SourceVersionDate "2021.06.05"]
[SourceQuality "1"]
[TimeControl "40/100:0"]
[WhiteClock "0:00:32"]
[BlackClock "0:07:07"]

1. e4 e6 2. d4 d5 3. Nd2 c5 4. exd5 Qxd5 5. Ngf3 cxd4 6. Bc4 Qd7 7. O-O Nc6 8. Nb3 a6 9. a4 Nf6 10. Qe2 Bd6 11. Rd1 O-O 12. Nbxd4 e5 13.
Nxc6 Qxc6 14. Bg5 Bc7 15. Bxf6 Qxf6 16. Bd5 Rb8 17. h3 Re8 18. Qc4 Re7 19. Nd2 Bf5 20. Ne4 Qg6 21. Ra3 b5 22. axb5 axb5 23. Qe2 Kh8 24. Rc3 Bxe4 25. Bxe4 f5 26. Bc6 b4 27. Rc5 e4 28. Bd7 Bb6 29. Bxf5 Qf6 30. Rcd5 e3 31. f3 Bc7 32. Qb5 g6 33.
Qd3 gxf5 34. Rxf5 Qh4 35. Qe2 Qg3 36. Kf1 Qh2 0-1

[Event "Gibraltar Masters 18th"]
[Site "Gibraltar"]
[Date "2020.01.21"]
[Round "1.56"]
[White "Werle, Jan"]
[Black "Sousa, Ludy Helsio Paulo"]
[Result "1-0"]
[ECO "A37"]
[WhiteElo "2545"]
[BlackElo "2247"]
[PlyCount "93"]
[EventDate "2020.01.21"]
[EventType "swiss"]
[EventRounds "10"]
[EventCountry "GGB"]
[SourceTitle "BritBase"]
[Source "John Saunders"]
[SourceDate "2021.06.05"]
[SourceVersion "1"]
[SourceVersionDate "2021.06.05"]
[SourceQuality "1"]
[TimeControl "40/100:0"]
[WhiteClock "0:13:17"]
[BlackClock "0:10:13"]

1. Nf3 c5 2. g3 g6 3. Bg2 Bg7 4. O-O Nc6 5. c4 e5 6. Nc3 Nge7 7. d3 d6 8. Ne1 O-O 9. Nc2 Kh8 10. Rb1 Rb8 11. b4 b6 12. bxc5 dxc5 13.
Ne3 Be6 14. Ned5 Qd7 15. a4 Bh3 16. Nxe7 Nxe7 17. a5 Bxg2 18.
Kxg2 h5 19. f3 f5 20. axb6 axb6 21. Bd2 Bf6 22. Qc1 Kh7 23. Bh6 Rf7 24. Be3 Qc6 25. Rb5 Ra8 26. Bg5 Bxg5 27. Qxg5 Ra3 28. Qd2 Nc8 29. Nd5 Rfa7 30. Rfb1 R7a6 31. R5b2 Kg7 32. h3 Ra1 33. Qc3 Qd6 34. Rxa1 Rxa1 35. Nxb6 Nxb6 36. Rxb6 Qxb6 37. Qxa1 Qd6 38.
f4 Qd4 39. Qxd4 exd4 40. Kf3 h4 41. gxh4 Kf6 42. e3 Ke6 43.
exd4 cxd4 44. Kg3 Kf6 45. h5 gxh5 46. Kh4 Kg6 47. c5 1-0

[Event "Gibraltar Masters 18th"]
[Site "Gibraltar"]
[Date "2020.01.21"]
[Round "1.57"]
[White "Priyanka, Nutakki"]
[Black "Gukesh, Dommaraju"]
[Result "1/2-1/2"]
[ECO "A26"]
[WhiteElo "2242"]
[BlackElo "2542"]
[PlyCount "91"]
[EventDate "2020.01.21"]
[EventType "swiss"]
[EventRounds "10"]
[EventCountry "GGB"]
[SourceTitle "BritBase"]
[Source "John Saunders"]
[SourceDate "2021.06.05"]
[SourceVersion "1"]
[SourceVersionDate "2021.06.05"]
[SourceQuality "1"]
[TimeControl "40/100:0"]

1. c4 Nf6 2. Nc3 g6 3. g3 Bg7 4. Bg2 O-O 5. Nf3 d6 6. O-O e5 7. d3 Re8 8. Rb1 a5 9. a3 Nc6 10. Nd2 Bg4 11. b4 axb4 12. axb4 Qc8 13. Re1 h6 14. b5 Nd4 15. Bb2 h5 16. Nde4 Nxe4 17. Nxe4 Qd7 18. f3 Bf5 19. Nf2 Be6 20.
e3 Nf5 21. f4 exf4 22. gxf4 Bxb2 23. Rxb2 c6 24. e4 Nh4 25. f5 gxf5 26. Qxh5 Ng6 27. bxc6 bxc6 28. Reb1 Ra5 29. d4 Qd8 30. d5 fxe4 31. Bxe4 Qf6 32. Rb8 Bd7 33. Bf5 Ra1 34. Rxe8+ Bxe8 35. Rxa1 Qxa1+ 36. Qd1 Qc3 37. Bxg6 fxg6 38. Qe2 Kf8 39. Ne4 Qe5 40. Qf3+ Ke7 41. Qd3 c5 42. Kg2 Bd7 43. Ng3 Qb2+ 44. Kf3 Kf7 45. Qe3 Qf6+ 46. Ke4 1/2-1/2

[Event "Gibraltar Masters 18th"]
[Site "Gibraltar"]
[Date "2020.01.22"]
[Round "2.1"]
[White "Mamedyarov, Shakhriyar"]
[Black "Gordon, Stephen J"]
[Result "1-0"]
[ECO "D38"]
[WhiteElo "2770"]
[BlackElo "2504"]
[PlyCount "109"]
[EventDate "2020.01.21"]
[EventType "swiss"]
[EventRounds "10"]
[EventCountry "GGB"]
[SourceTitle "BritBase"]
[Source "John Saunders"]
[SourceDate "2021.06.05"]
[SourceVersion "1"]
[SourceVersionDate "2021.06.05"]
[SourceQuality "1"]
[TimeControl "40/100:0"]
[WhiteClock "0:11:18"]
[BlackClock "0:21:12"]

1. d4 Nf6 2. c4 e6 3. Nf3 d5 4. Nc3 Bb4 5. Bg5 h6 6. Bxf6 Qxf6 7. e3 O-O 8.
Be2 dxc4 9. O-O c5 10. Ne4 Qe7 11. a3 cxd4 12. Qxd4 Ba5 13. Qxc4 Bd7 14. Qc5 Nc6 15. Qxe7 Nxe7 16. Nc5 Bc6 17. Ne5 Bb6 18. Nxc6 Bxc5 19. Na5 b6 20. Nc4 Rfd8 21. b4 Bd6 22. Rac1 Nd5 23. g3 Bf8 24. Rc2 Rac8 25. Rfc1 g6 26. e4 Nf6 27. f3 Nd7 28. Kg2 Nb8 29. f4 Rc7 30.
Ne5 Rxc2 31. Rxc2 Bd6 32. Ng4 Kg7 33. e5 Be7 34. Nf2 a5 35.
Rc7 Rd7 36. Rc8 Rd8 37. Rxd8 Bxd8 38. bxa5 bxa5 39. Bb5 f6 40. Nd3 Bb6 41. exf6+ Kxf6 42. a4 g5 43. Kf3 Kf5 44. h3 Bc7 45. fxg5 Kxg5 46. Nf2 Kf5 47. h4 Kf6 48. h5 Bb6 49. Ng4+ Kg5 50. Ne5 Bc7 51. Ng6 e5 52. Ke4 Kg4 53. Nxe5+ Kxg3 54. Kf5 Kh4 55. Ng6+ 1-0